 Dungeon Crawl Stone Soup version 0.18.1-48-g4cf74bf (webtiles) character file.

50495 Trysia the Severer (level 14, -1/130 HPs)
             Began as a Minotaur Berserker on Aug 16, 2016.
             Was a High Priest of Trog.
             Slain by a 15-headed hydra (11 damage)
             ... on level 7 of the Lair of Beasts on Aug 17, 2016.
             The game lasted 02:10:29 (20826 turns).

Trysia the Severer (Minotaur Berserker)            Turns: 20826, Time: 02:10:29

Health: -1/130     AC: 24    Str: 28    XL:     14   Next: 19%
Magic:  11/11      EV: 15    Int:  4    God:    Trog [*****.]
Gold:   651        SH:  2    Dex: 16    Spells: 0 memorised, 13 levels left

rFire  . . .     SeeInvis .     u - +4 battleaxe (chop)
rCold  . . .     Gourm    .     v - +0 plate armour {rPois}
rNeg   . . .     Faith    .     (shield currently unavailable)
rPois  +         Spirit   .     (helmet unavailable)
rElec  .         Dismiss  .     (no cloak)
rCorr  .         Reflect  +     d - +2 pair of gloves
SustAt .         Harm     .     I - +1 pair of boots
MR     +....     Rnd*Tele +     X - +2 amulet of reflection
Stlth  ..........               q - +5 ring of dexterity
                                J - ring of poison resistance

@: about to teleport, somewhat resistant to hostile enchantments, extremely
unstealthy
A: retaliatory headbutt, horns 3, thin metallic scales 1, blurry vision 1, low
mp 1, mutation resistance 1, strong 1, teleportitis 1
a: Berserk, Trog's Hand, Brothers in Arms, Burn Spellbooks, Renounce Religion


You were on level 7 of the Lair of Beasts.
You worshipped Trog.
Trog was extremely pleased with you.
You were not hungry.

You visited 2 branches of the dungeon, and saw 18 of its levels.

You collected 1291 gold pieces.
You spent 640 gold pieces at shops.

Inventory:

Hand Weapons
 b - a +4 antimagic halberd
 u - a +4 battleaxe of chopping (weapon)
 w - a +2 broad axe of distortion
 D - a cursed +3 dire flail
 U - a +0 arbalest
 W - the +1 war axe of Wrath {chop, rC- Int+2 Dex+2 Stlth+}
   (You bought it in a shop on level 8 of the Dungeon)

   It inflicts extra damage upon your enemies.
   It affects your intelligence (+2).
   It affects your dexterity (+2).
   It makes you vulnerable to cold.
   It makes you more stealthy.
Missiles
 l - 365 stones (quivered)
 r - 204 bolts
 A - 15 tomahawks
Armour
 d - a +2 pair of gloves (worn)
 v - a +0 plate armour of poison resistance (worn)
 I - a +1 pair of boots (worn)
 Z - a +2 buckler
Jewellery
 j - an uncursed ring of fire
 q - a +5 ring of dexterity (right hand)
 J - a ring of poison resistance (left hand)
 X - a +2 amulet of reflection (around neck)
Wands
 a - a wand of disintegration (14/24)
 p - a wand of acid (6/15)
 B - a wand of confusion (16/48)
 F - a wand of flame (27/48)
 K - a wand of polymorph (10/24)
 Q - a wand of paralysis (8/24)
 T - a wand of teleportation (3/9)
Scrolls
 e - 5 scrolls of recharging
 k - 4 scrolls of enchant weapon
 m - 3 scrolls of teleportation
 n - 2 scrolls of torment
 o - 2 scrolls of fog
 x - 4 scrolls of enchant armour
 z - 2 scrolls of amnesia {unknown}
 H - 6 scrolls of blinking
 L - 4 scrolls of remove curse
 N - a scroll of holy word {unknown}
 O - a scroll of brand weapon
 R - 2 scrolls of silence
Potions
 g - a potion of ambrosia
 h - 3 potions of curing
 i - 6 potions of flight
 s - 3 potions of might
 t - a potion of resistance {unknown}
 y - 2 potions of brilliance {unknown}
 C - 4 potions of lignification
 E - 2 potions of heal wounds
 G - 2 potions of haste
 M - 2 potions of agility
 P - a potion of magic
 Y - a potion of cancellation {unknown}
Comestibles
 c - 12 bread rations
 f - 9 meat rations
 S - 10 fruits
 V - 3 royal jellies


   Skills:
 + Level 13.7 Fighting
 * Level 15.4(16.4) Axes
 - Level 8.7(13.1) Maces & Flails
 - Level 5.3(11.5) Polearms
 + Level 13.2 Armour
 + Level 12.5 Dodging
 - Level 0.8 Stealth


You had 13 spell levels left.
You didn't know any spells.

Dungeon Overview and Level Annotations

Branches:
Dungeon (11/15)            Temple (0/1) D:6            Lair (7/8) D:11
  Swamp (0/4) Lair:6        Snake (0/4) Lair:5        Slime (0/6) Lair:7
    Orc: D:9-12

Altars:
Okawaru
Pakellas
Ru
Trog

Shops:
D:8 (   D:10 *   D:11 ?


Innate Abilities, Weirdness & Mutations

You reflexively headbutt those who attack you in melee.
You have a pair of large horns on your head.
You are partially covered in thin metallic scales (AC +2).
Scrolls take you a little longer to read.
Your magical capacity is low (-10% MP).
You are somewhat resistant to further mutation.
Your muscles are strong. (Str +2)
You are occasionally teleported next to monsters.


Message History

* * * LOW HITPOINT WARNING * * *
You block the 15-headed hydra's attack. The 15-headed hydra misses you.
The 15-headed hydra completely misses you.
The 15-headed hydra misses you. The 15-headed hydra bites you.
* * * LOW HITPOINT WARNING * * *
The 15-headed hydra bites you but does no damage.
The 15-headed hydra barely misses you.
The 15-headed hydra bites you but does no damage. x3
The 15-headed hydra bites you.
* * * LOW HITPOINT WARNING * * *
The 15-headed hydra bites you but does no damage.
The 15-headed hydra bites you.
* * * LOW HITPOINT WARNING * * *
As you read the scroll of teleportation, it crumbles to dust.
You feel strangely unstable.
The 15-headed hydra bites you but does no damage.
The 15-headed hydra completely misses you.
The 15-headed hydra bites you but does no damage. x3
The 15-headed hydra bites you!
You die...

.....#.#.##....#...##...#........
.........#....##.⌠.###...#.......
.........#..###....####..##......
........#...........#............
.......##>.⌠..#..<..#.#⌠.<....#..
......#.#.....#.....###...#.##...
....### ....# ##...## #..######..
.....# #.. #.D.# #.... #...
...### ## #@..##...## #...
....### #............ #...
....#.# ## #...........# ##..
......##..P.#........#.. ...
.............#.#...##... ....
.................⌠.. ... ....
.................#.#. .. .....
.................#.... ........P.


You could see a 15-headed hydra.

Vanquished Creatures
  Rupert (Lair:7)
  Nessos (Lair:7)
  Fannar (Lair:1)
  Harold (Lair:1)
  6 hydras
  13 death yaks
  Sonja (Lair:3)
  Nergalle (Lair:4)
  The ghost of Ferkelamun the Cleaver, a novice FoFi of Makhleb (D:6)
  A necromancer (Lair:4)
  2 hill giants
  A cyclops (D:11)
  3 elephants (Lair:6)
  4 black mambas
  A gargoyle (D:10)
  11 spiny frogs
  6 komodo dragons
  5 rime drakes
  A two-headed ogre (D:9)
  A polar bear (Lair:2)
  12 blink frogs
  A wraith (D:10)
  32 yaks
  A wyvern (Lair:4)
  A vampire (D:11)
  6 hippogriffs
  3 hungry ghosts
  4 nagas (Lair:5)
  A soldier ant (D:10)
  7 porcupines
  16 water moccasins
  An ice beast (D:9)
  6 orc warriors
  2 phantoms
  4 sky beasts
  3 ogres
  3 black bears
  2 wasps (D:10)
  6 centaurs
  17 wolves
  15 crocodiles
  3 big kobolds
  A komodo dragon zombie (Lair:4)
  15 giant frogs
  A gnoll sergeant (D:6)
  3 scorpions
  8 wights (D:10)
  A howler monkey (D:5)
  7 crimson imps
  4 giant frog zombies
  A basilisk zombie (Lair:4)
  4 jellies
  9 orc priests
  5 hounds
  2 centaur skeletons (D:11)
  7 orc wizards
  10 iguanas
  14 worker ants
  11 sheep
  A crocodile zombie (Lair:4)
  A hound skeleton (D:6)
  Robin (D:2)
  12 gnolls
  9 adders
  56 river rats
  A shadow imp (D:10)
  2 oozes
  2 adder zombies
  5 dart slugs
  4 giant geckos
  45 orcs
  11 bats
  8 giant cockroaches
  9 goblins
  8 hobgoblins
  16 jackals
  14 kobolds
  4 quokkas
  3 ball pythons
  3 giant newts
  2 quokka zombies
  9 rats
  3 bushes
  9 fungi
  8 plants
557 creatures vanquished.

Vanquished Creatures (collateral kills)
  Joseph (D:7)
  2 yaks (D:11)
  A crocodile (D:11)
  A howler monkey skeleton (D:7)
  A river rat (D:11)
  A rat (D:11)
  A fungus (Lair:6)
8 creatures vanquished.

Vanquished Creatures (others)
  4 fungi
  10 plants
14 creatures vanquished.

Grand Total: 579 creatures vanquished

Notes
Turn   | Place    | Note
--------------------------------------------------------------
     0 | D:1      | Trysia the Minotaur Berserker began the quest for the Orb.
     0 | D:1      | Reached XP level 1. HP: 19/19 MP: 0/0
   273 | D:1      | Reached XP level 2. HP: 27/27 MP: 1/1
   719 | D:1      | Reached ** piety under Trog
   823 | D:1      | Reached XP level 3. HP: 30/33 MP: 2/2
  1032 | D:2      | Found an oddly glowing altar of Pakellas.
  1276 | D:2      | Found a faded altar to an unknown god.
  1436 | D:2      | Reached XP level 4. HP: 41/41 MP: 3/3
  1573 | D:2      | Noticed Robin
  1592 | D:2      | Killed Robin
  2173 | D:3      | Reached XP level 5. HP: 47/47 MP: 4/4
  2482 | D:4      | Noticed a phantom
  2495 | D:4      | Killed a phantom
  2495 | D:4      | Reached skill level 5 in Fighting
  2524 | D:4      | Reached skill level 5 in Polearms
  2627 | D:4      | Reached *** piety under Trog
  2627 | D:4      | Reached XP level 6. HP: 52/56 MP: 5/5
  3315 | D:5      | Entered Level 5 of the Dungeon
  3327 | D:5      | Reached skill level 1 in Maces & Flails
  3407 | D:5      | Found a bloodstained altar of Trog.
  3890 | D:5      | Reached XP level 7. HP: 62/62 MP: 6/6
  3950 | D:5      | Got a twisted hand axe
  4585 | D:6      | Reached skill level 5 in Dodging
  4590 | D:6      | Reached **** piety under Trog
  4809 | D:6      | Noticed Ferkelamun's ghost (novice FoFi)
  4815 | D:6      | Killed Ferkelamun's ghost
  4815 | D:6      | Reached skill level 5 in Armour
  4815 | D:6      | Reached XP level 8. HP: 71/71 MP: 7/7
  5238 | D:6      | Found a sacrificial altar of Ru.
  5238 | D:6      | Found an iron altar of Okawaru.
  5398 | D:6      | Found a staircase to the Ecumenical Temple.
  5795 | D:7      | Got a warped ring mail
  5856 | D:7      | Reached XP level 9. HP: 78/79 MP: 8/8
  6139 | D:7      | Noticed Joseph
  6152 | D:7      | Killed Joseph
  6812 | D:8      | Gained mutation: You have a pair of large horns on your head. [mutagenic meat]
  6813 | D:8      | Gained mutation: You are weak. (Str -2) [mutagenic meat]
  6814 | D:8      | Gained mutation: Scrolls take you a little longer to read. [mutagenic meat]
  6815 | D:8      | Gained mutation: You are partially covered in thin metallic scales (AC +2). [mutagenic meat]
  6816 | D:8      | Gained mutation: Your magical capacity is low (-10% MP). [mutagenic meat]
  6817 | D:8      | Gained mutation: You are occasionally teleported next to monsters. [mutagenic meat]
  7093 | D:8      | Found Nyunij's Weapon Shoppe.
  7096 | D:8      | Bought the cursed +1 war axe of Wrath {chop, rC- Int+2 Dex+2 Stlth+} for 220 gold pieces
  7389 | D:9      | Reached skill level 1 in Axes
  7582 | D:9      | Reached skill level 2 in Axes
  7657 | D:9      | Reached skill level 3 in Axes
  7662 | D:9      | Lost mutation: You are weak. (Str -2) [mutagenic meat]
  7688 | D:9      | Gained mutation: You are somewhat resistant to further mutation. [mutagenic meat]
  8024 | D:9      | Reached skill level 4 in Axes
  8186 | D:9      | Reached XP level 10. HP: 90/90 MP: 8/8
  8297 | D:10     | Entered Level 10 of the Dungeon
  8333 | D:10     | Noticed a gargoyle
  8340 | D:10     | Killed a gargoyle
  8340 | D:10     | Reached skill level 5 in Axes
  8589 | D:10     | Paralysed by a wight for 7 turns
  8656 | D:10     | Noticed a hill giant
  8663 | D:10     | Reached skill level 6 in Axes
  8671 | D:10     | HP: 2/91 [hill giant/giant spiked club (3)]
  9181 | D:10     | Reached skill level 7 in Axes
  9270 | D:10     | Killed a hill giant
  9511 | D:10     | Found Comeruv's Serpentskin Sales.
  9543 | D:10     | Reached ***** piety under Trog
  9574 | D:10     | Bought a +0 plate armour of poison resistance for 378 gold pieces
  9634 | D:10     | Reached skill level 10 in Fighting
  9923 | D:10     | Reached skill level 8 in Axes
  9997 | D:11     | Reached XP level 11. HP: 58/99 MP: 8/8
 10304 | D:11     | Gained mutation: Your muscles are strong. (Str +2) [mutagenic meat]
 10387 | D:11     | Received a gift from Trog
 10595 | D:11     | Noticed a six-headed hydra
 10617 | D:11     | Killed a 15-headed hydra
 10633 | D:11     | Reached skill level 9 in Axes
 10946 | D:11     | Found a staircase to the Lair.
 11024 | D:11     | Noticed a hill giant
 11038 | D:11     | Killed a hill giant
 11715 | D:11     | Found Quusm's Magic Scroll Boutique.
 11813 | Lair:1   | Entered Level 1 of the Lair of Beasts
 11903 | D:11     | Bought a scroll of teleportation for 42 gold pieces
 11956 | Lair:1   | Noticed a four-headed hydra
 11967 | Lair:1   | Killed a ten-headed hydra
 11998 | Lair:1   | Reached skill level 10 in Axes
 12029 | Lair:1   | Noticed a six-headed hydra
 12031 | Lair:1   | Reached skill level 10 in Armour
 12041 | Lair:1   | Killed a nine-headed hydra
 12041 | Lair:1   | Reached skill level 10 in Dodging
 12073 | Lair:1   | Noticed Fannar
 12082 | Lair:1   | Killed Fannar
 12446 | Lair:1   | Reached XP level 12. HP: 110/110 MP: 9/9
 12451 | Lair:1   | Reached skill level 11 in Axes
 12592 | Lair:1   | Noticed Harold
 12627 | Lair:1   | Killed Harold
 12627 | Lair:1   | Received a gift from Trog
 13922 | Lair:2   | Reached skill level 12 in Axes
 15027 | Lair:3   | Noticed a five-headed hydra
 15042 | Lair:3   | Killed a nine-headed hydra
 15460 | Lair:3   | Noticed Sonja
 15467 | Lair:3   | Killed Sonja
 16110 | Lair:4   | Reached skill level 13 in Axes
 16164 | Lair:4   | Noticed Nergalle
 16172 | Lair:4   | Killed Nergalle
 16406 | Lair:4   | Reached XP level 13. HP: 80/119 MP: 3/10
 16489 | Lair:4   | Received a gift from Trog
 17587 | Lair:5   | Received a gift from Trog
 17587 | Lair:5   | Reached skill level 14 in Axes
 17662 | Lair:5   | Found a staircase to the Snake Pit.
 19084 | Lair:6   | Found a staircase to the Swamp.
 19191 | Lair:6   | Received a gift from Trog
 19899 | Lair:7   | Noticed Rupert
 19912 | Lair:7   | Killed Rupert
 19912 | Lair:7   | Reached skill level 15 in Axes
 19912 | Lair:7   | Reached XP level 14. HP: 129/129 MP: 11/11
 20228 | Lair:7   | Noticed Nessos
 20246 | Lair:7   | Killed Nessos
 20575 | Lair:7   | Found a staircase to the Slime Pits.
 20826 | Lair:7   | Slain by a 15-headed hydra

Skill      XL: |  1  2  3  4  5  6  7  8  9 10 11 12 13 |
---------------+----------------------------------------+-----
Fighting       | 4 5 6 7 8 10 11 12 13 | 13.7
Polearms       | 4 5 |  5.3
Dodging        | 3 4 5 6 7 9 10 11 12 | 12.5
Armour         | 3 4 5 6 7 9 10 11 13 | 13.2
Maces & Flails | 3 6 7 8 |  8.7
Axes           | 4 8 10 13 15 | 15.4
Stealth        | |  0.8

Action                   |  1- 3 |  4- 6 |  7- 9 | 10-12 | 13-15 || total
-------------------------+-------+-------+-------+-------+-------++-------
Melee: Spear             |    75 |    99 |       |       |       ||   174
       Headbutt          |    15 |    28 |    53 |   145 |   124 ||   365
       Flail             |       |    30 |    26 |       |       ||    56
       Trident           |       |     8 |       |       |       ||     8
       Morningstar       |       |       |   161 |       |       ||   161
       War axe           |       |       |    62 |   367 |       ||   429
       Battleaxe         |       |       |       |   141 |   320 ||   461
 Fire: Arbalest          |       |       |     7 |       |       ||     7
Invok: Berserk           |     1 |     1 |     2 |     9 |     2 ||    15
       Brothers in Arms  |       |       |     1 |     1 |       ||     2
       Burn Spellbooks   |       |       |       |     3 |     1 ||     4
  Use: Scroll            |       |     6 |     8 |    10 |     7 ||    31
       Potion            |       |       |     1 |     1 |     3 ||     5
 Stab: Sleeping          |     1 |       |       |       |       ||     1
  Eat: Beef jerky        |     1 |     1 |     1 |     2 |     1 ||     6
       Chunk             |       |     8 |    16 |    27 |     7 ||    58
       Meat ration       |       |       |     2 |       |       ||     2
       Fruit             |       |       |       |     6 |       ||     6
       Bread ration      |       |       |       |     1 |       ||     1
       Royal jelly       |       |       |       |     3 |     3 ||     6
       Pizza             |       |       |       |       |     1 ||     1
Armor: Animal skin       |    17 |       |       |       |       ||    17
       Scale mail        |     2 |    63 |       |       |       ||    65
       Chain mail        |       |       |   123 |       |       ||   123
       Plate armour      |       |       |    78 |   333 |   233 ||   644
Dodge: Dodged            |    49 |    85 |   201 |   415 |   287 ||  1037
Block: Other             |       |       |     5 |    42 |    34 ||    81
       Reflection        |       |       |       |     1 |     1 ||     2
